 Dungeon Crawl Stone Soup version 0.21-a0-450-gd87a9b2 (webtiles) character file.

111 Vidiiot the Insei (level 4, -6/34 HPs)
             Began as a Barachi Assassin on Nov 19, 2017.
             Mangled by a water moccasin zombie (8 damage)
             ... on level 4 of the Dungeon.
             The game lasted 00:04:27 (1561 turns).

Vidiiot the Insei (Barachi Assassin)                Turns: 1561, Time: 00:04:28

Health: -6/34      AC:  4    Str: 13    XL:     4   Next: 92%
Magic:  4/4        EV: 12    Int: 12    God:
Gold:   76         SH:  0    Dex: 13    Spells: 3/3 levels left

rFire    . . .     SeeInvis .   a - +2 dagger
rCold    . . .     Gourm    .   (no shield)
rNeg     . . .     Faith    .   c - +0 robe
rPois    .         Spirit   .   i - +0 helmet
rElec    .         Reflect  .   d - +0 cloak
rCorr    .         Harm     .   (no gloves)
MR       .....                  (no boots)
Stlth    ++........             (no amulet)
HPRegen  0.11/turn              (no ring)
MPRegen  0.09/turn              (no ring)

@: slow
A: +LOS, swims, slowness 1, strong legs 1
a: Hop


You were on level 4 of the Dungeon.
You were not hungry.

You visited 1 branch of the dungeon, and saw 5 of its levels.

You collected 76 gold pieces.

Inventory:

Hand Weapons
 a - a +2 dagger (weapon)
 b - a +0 blowgun
Missiles
 e - 2 poisoned needles
 j - 51 stones (quivered)
 m - 8 tomahawks
Armour
 c - a +0 robe (worn)
 d - a +0 cloak (worn)
 i - a +0 helmet (worn)
Jewellery
 h - an uncursed ring of protection from cold {unknown}
Scrolls
 k - 2 scrolls of remove curse
Potions
 l - a potion of haste {unknown}
Comestibles
 g - a bread ration


   Skills:
 - Level 2.4 Fighting
 - Level 2.1 Short Blades
 - Level 2.0 Throwing
 - Level 1.1 Dodging
 - Level 3.6 Stealth
 + Level 4.8 Unarmed Combat


You had 3 spell levels left.
You didn't know any spells.

Dungeon Overview and Level Annotations

Branches:
Dungeon (5/15)
 Temple: D:4-7

Altars:
Trog

Annotations:
D:4 Natasha; Tux's ghost, amateur GnWn


Innate Abilities, Weirdness & Mutations

Shadows flee at your approach. (+LOS)
You can swim through water.
You cover ground slowly.
You can hop short distances.


Message History

You punch the water moccasin zombie.
The water moccasin zombie is heavily damaged.
The water moccasin zombie bites you.
* * * LOW HITPOINT WARNING * * *
You hit the water moccasin zombie.
The water moccasin zombie is heavily damaged.
The water moccasin zombie barely misses you.
The water moccasin zombie bites you.
* * * LOW HITPOINT WARNING * * *
You hit the water moccasin zombie.
The water moccasin zombie is heavily damaged.
The water moccasin zombie bites you!
* * * LOW HITPOINT WARNING * * *
You hit the water moccasin zombie.
The water moccasin zombie is severely damaged.
The water moccasin zombie bites you but does no damage.
You hit the water moccasin zombie.
The water moccasin zombie is severely damaged.
The water moccasin zombie bites you!
You die...

#.# ##.#..<...
###########.# ##.....##..
#........##.###..##.###.(
#........#?...[.###.....=
#........#...##......./..
#........#......#####....
#............#### #....
#.......Z#.#...o.<. ...#.
#.......@#....#######..##
#........#..#..... ##..
#############......
#..... ..... .....


o You could see a water moccasin zombie.

Vanquished Creatures
  A scorpion (D:3)
  A worker ant (D:4)
  2 adders
  A leopard gecko (D:5)
  A giant cockroach (D:3)
  2 goblins (D:3)
  3 hobgoblins
  3 kobolds
  A quokka (D:4)
  2 bats (D:1)
  2 frilled lizards
19 creatures vanquished.

Vanquished Creatures (others)
  A wizard (D:3)
1 creature vanquished.

Grand Total: 20 creatures vanquished

Notes
Turn   | Place    | Note
-------+----------+-------------------------------------------
     0 | D:1      | Vidiiot the Barachi Assassin began the quest for the Orb.
     0 | D:1      | Reached XP level 1. HP: 17/17 MP: 1/1
    96 | D:1      | Reached skill level 1 in Unarmed Combat
   145 | D:2      | Reached skill level 2 in Unarmed Combat
   145 | D:2      | Reached XP level 2. HP: 23/23 MP: 2/2
   345 | D:3      | Found a bloodstained altar of Trog.
   348 | D:3      | Noticed a wizard
   353 | D:3      | Killed a wizard
   556 | D:5      | Entered Level 5 of the Dungeon
   576 | D:5      | Noticed a crimson imp
   584 | D:5      | Reached XP level 3. HP: 26/28 MP: 3/3
   613 | D:4      | Noticed Natasha
   614 | D:4      | Noticed Tux's ghost (amateur GnWn)
   615 | D:4      | Reached skill level 3 in Unarmed Combat
   786 | D:3      | Reached XP level 4. HP: 29/34 MP: 4/4
   941 | D:3      | Reached skill level 4 in Unarmed Combat
  1275 | D:4      | Noticed a phantom
  1468 | D:4      | Noticed an orc warrior
  1559 | D:4      | HP: 1/34 [water moccasin zombie (7)]
  1561 | D:4      | Mangled by a water moccasin zombie

Vault maps used:
D:1:      lemuel_arrival_tunnels
D:3:      trog_wizard
D:4:      uniq_robin, uniq_crazy_yiuf_cottage, uniq_natasha
D:5:      first_bread, hangedman_abyss_or_decor_stabs, minivault_1, uniq_pikel

Skill      XL: |  1  2  3  4 |
---------------+-------------+-----
Unarmed Combat | 2 3 4 |  4.8
Fighting       | |  2.4
Short Blades   | |  2.1
Throwing       | |  2.0
Dodging        | |  1.1
Stealth        | |  3.6

Action                   |  1- 3 |  4- 6 || total
-------------------------+-------+-------++-------
Melee: Dagger            |    40 |    30 ||    70
       Punch             |     1 |     1 ||     2
       Unarmed           |       |     8 ||     8
 Fire: Blowgun           |    17 |     7 ||    24
Throw: Stone             |     1 |     1 ||     2
 Abil: Hop               |     3 |     2 ||     5
  Use: Scroll            |     4 |       ||     4
       Potion            |     1 |       ||     1
 Stab: Sleeping          |     3 |       ||     3
  Eat: Meat ration       |       |     1 ||     1
Armor: Robe              |    13 |     7 ||    20
Dodge: Dodged            |    37 |    19 ||    56

Table legend:
 A = Spawn XP
 B = Non-spawn XP
 C = Spawn XP percentage of total XP
 D = Spawn monster count
 E = Non-spawn monster count
 F = Spawn count percentage of total count
 G = Total turns spent on level
                    A         B        C        D         E        F      G
               +---------+---------+-------+---------+---------+-------+---------
         Total |       0 |     159 |   0.0 |       0 |      19 |   0.0 |  1561
               +---------+---------+-------+---------+---------+-------+---------
           D:1 |       0 |       6 |   0.0 |       0 |       4 |   0.0 |   134
           D:2 |       0 |      16 |   0.0 |       0 |       3 |   0.0 |   116
           D:3 |       0 |      98 |   0.0 |       0 |       8 |   0.0 |   953
           D:4 |       0 |      36 |   0.0 |       0 |       3 |   0.0 |   305
           D:5 |       0 |       3 |   0.0 |       0 |       1 |   0.0 |    53
               +---------+---------+-------+---------+---------+-------+---------
